 Dungeon Crawl Stone Soup version 0.29.1-4-g47bece8355 (webtiles) character file.

Game seed: 13624055300237438390

888 hawla the Gusty (level 8, -5/88 HPs)
             Began as a Meteoran Air Elementalist on Dec 6, 2022.
             Was an Initiate of Vehumet.
             Slain by an orc warrior
             ... wielding a +0 scimitar
              (12 damage)
             ... on level 7 of the Dungeon.
             The game lasted 00:15:10 (1492 turns).

hawla the Gusty (Meteoran Air Elementalist)         Turns: 1492, Time: 00:15:10

Health: -5/88      AC:  4    Str: 15    XL:     8   Next: 51%
Magic:  12/18      EV: 13    Int: 18    God:    Vehumet [......]
Gold:   305        SH:  0    Dex: 16    Spells: 6/19 levels left

rFire   . . .      SeeInvis .   t - +4 battleaxe
rCold   . . .      Faith    .   (shield currently unavailable)
rNeg    . . .      Spirit   .   a - +1 robe
rPois   .          Reflect  .   (no helmet)
rElec   .          Harm     .   j - +0 cloak
rCorr   .          Rampage  .   (no gloves)
Will    +....                   (no boots)
Stlth   ..........              (no amulet)
HPRegen 0.24/turn               d - +6 ring of strength
MPRegen 0.16/turn               (no ring)

@: berserking, glowing, very quick
A: sense surroundings 1, otherworldly, glowing, explore regen
a: Renounce Religion


You were on level 7 of the Dungeon.
You worshipped Vehumet.
Vehumet was noncommittal.
You visited 2 branches of the dungeon, and saw 8 of its levels.

You collected 305 gold pieces.

Inventory:

Hand Weapons
 k - a +3 quarterstaff of chaos
 t - a +4 battleaxe (weapon)
Armour
 a - a +1 robe (worn)
 j - a +0 cloak (worn)
Jewellery
 d - a +6 ring of strength (left hand)
 l - a ring of ice
Wands
 i - a wand of light (1)
 q - a wand of roots (10)
Scrolls
 c - a scroll of teleportation
 m - a scroll of silence {unknown}
 o - a scroll of immolation {unknown}
 r - 2 scrolls of identify
 u - a scroll of amnesia {unknown}
Potions
 b - 3 potions of brilliance
 e - 2 potions of degeneration {unknown}
 f - 2 potions of attraction {unknown}
 h - a potion of invisibility {unknown}
 n - 2 potions of might {unknown}
 p - a potion of curing {unknown}
 s - a potion of heal wounds {unknown}


   Skills:
 + Level 1.0 Fighting
 + Level 3.0 Dodging
 - Level 1.4 Stealth
 + Level 6.3 Spellcasting
 + Level 3.4 Conjurations
 + Level 3.0 Necromancy
 + Level 7.2 Air Magic
 + Level 1.8 Earth Magic
 + Level 1.8 Evocations


You had 6 spell levels left.
You knew the following spells:

 Your Spells              Type           Power      Damage    Failure   Level
a - Shock                 Conj/Air       96%        1d9       1%          1
b - Static Discharge      Conj/Air       24%        3-6/arc   1%          2
c - Airstrike             Air            15%        2d(3-19)  6%          4
d - Vampiric Draining     Necr           16%        2d7       10%         3
e - Stone Arrow           Conj/Erth      30%        3d8       12%         3

Your spell library contained the following spells:

 Spells                   Type           Power      Damage    Failure   Level
 Swiftness                Air            31%        N/A       1%          3
 Sandblast                Erth           24%        2d8       5%          1
 Slow                     Hex            20%        N/A       12%         1
 Passwall                 Tmut/Erth      6%         N/A       12%         2
 Confusing Touch          Hex            5%         N/A       34%         3
 Tukima's Dance           Hex            5%         N/A       34%         3
 Passage of Golubria      Tloc           5%         N/A       75%         4
 Yara's Violent Unravell  Hex/Tmut       2%         3d3       97%         5


Dungeon Overview and Level Annotations

Branches:
Dungeon (7/15) Zot: 2870   Temple (1/1) D:4 Zot: 434

Altars:
Ashenzari
Cheibriados
Dithmenos
Elyvilon
Fedhas
Gozag
Hepliaklqana
Kikubaaqudgha
Makhleb
Nemelex Xobeh
Okawaru
Qazlal
Ru
Sif Muna
Trog
Uskayaw
Vehumet
Wu Jian
Xom
Yredelemnul
Zin
The Shining One

Shops:
D:7 (

Annotations:
D:3 Grinder
D:5 GigaChad's ghost, amateur MiFi


Innate Abilities, Weirdness & Mutations

You passively map a small area around you.
You are easily found by Zot.
You glow in the dark.
You regain HP and MP as you explore.


Message History

Found a flail.
You closely miss the orc. The orc hits you with a +0 dagger.
You slash the orc warrior!
The orc warrior is moderately wounded.
You hit the orc. The orc hits you with a +0 dagger.
The orc warrior hits you with a +0 scimitar.
The orc hits you with a +0 dagger.
The orc warrior hits you with a +0 scimitar!
The orc hits you with a +0 falchion.
Casting: Airstrike (dangerous; 6% risk of failure)
Confirm with . or Enter, or press ? or * to list all spells.
The orc warrior is struck by an arc of lightning.
The orc warrior is heavily wounded.
The orc is struck by an arc of lightning.
You kill the orc!
Vehumet accepts your kill.
The orc is struck by an arc of lightning!
You kill the orc!
Vehumet accepts your kill.
You are struck by an arc of lightning.
The lightning grounds out.
The orc warrior hits you with a +0 scimitar!
Unknown command.
Casting: Static Discharge (safe; 1% risk of failure)
Confirm with . or Enter, or press ? or * to list all spells.
The orc warrior is struck by an arc of lightning.
The orc warrior is severely wounded.
You are struck by an arc of lightning.
The lightning grounds out.
The orc warrior hits you with a +0 scimitar!
* * * LOW HITPOINT WARNING * * *
A red film seems to cover your vision as you go berserk!
You feel yourself moving faster!
You feel mighty!
The orc warrior hits you with a +0 scimitar!
* * * LOW HITPOINT WARNING * * *
You hit the orc warrior.
The orc warrior is severely wounded.
The orc warrior closely misses you.
You hit the orc warrior.
The orc warrior is almost dead.
The orc warrior hits you with a +0 scimitar!
You die...

* ##..####..# *
#......#.# * *
#..###...## #. * * #..#
##...###. # # ##..#
##...... ###.#)
#...#####..##.. ......#
##.#.#......##..
......o##....#..........
...)..)@..............#.
......)##.#.##...#......
* ....$..
....##......####
..).....##........#.####
######.. .>#######.....
#. .## ###### #. .# #. ,
,


You could see an orc warrior.

Vanquished Creatures
  A water moccasin (D:7)
  A black bear (D:5)
  2 scorpions (D:4)
  4 wights
  A hound (D:5)
  Crazy Yiuf (D:5)
  A gnoll bouda (D:6)
  3 orc priests
  An iguana (D:4)
  3 gnolls (D:6)
  6 adders
  3 shadow imps (D:6)
  An ufetubus (D:5)
  2 dart slugs
  8 orcs
  An endoplasm (D:2)
  A giant cockroach (D:1)
  2 goblins (D:2)
  A hobgoblin (D:2)
  3 jackals (D:4)
  2 quokkas (D:4)
  4 ball pythons
  A bat (D:1)
  3 frilled lizards
  4 kobolds
  2 rats
62 creatures vanquished.

Notes
Turn   | Place    | Note
-------+----------+-------------------------------------------
     0 | D:1      | hawla the Meteoran Air Elementalist began the quest for the
                  | Orb.
     0 | D:1      | Reached XP level 1. HP: 14/14 MP: 5/5
    29 | D:1      | Reached XP level 2. HP: 20/20 MP: 1/6
    32 | D:1      | Learned a level 2 spell: Static Discharge
    47 | D:1      | Reached skill level 4 in Air Magic
   142 | D:2      | Reached XP level 3. HP: 24/26 MP: 3/9
   152 | D:3      | Noticed Grinder
   258 | D:4      | Noticed a scorpion
   265 | D:4      | Killed a scorpion
   266 | D:4      | Reached XP level 4. HP: 15/34 MP: 0/11
   266 | D:4      | Reached XP level 5. HP: 17/39 MP: 0/12
   271 | D:4      | Learned a level 4 spell: Airstrike
   413 | D:4      | Reached skill level 5 in Air Magic
   489 | D:4      | Reached skill level 6 in Air Magic
   489 | D:4      | Reached XP level 6. HP: 46/46 MP: 8/13
   610 | D:4      | Found a staircase to the Ecumenical Temple.
   642 | Temple   | Entered the Ecumenical Temple
   737 | Temple   | Became a worshipper of Vehumet
   826 | D:5      | Entered Level 5 of the Dungeon
   831 | D:5      | Noticed GigaChad's ghost (amateur MiFi)
   842 | D:5      | Reached skill level 5 in Spellcasting
   842 | D:5      | Reached XP level 7. HP: 43/51 MP: 10/15
   891 | D:5      | Found a runed translucent door.
   892 | D:5      | Noticed Crazy Yiuf
   897 | D:5      | Killed Crazy Yiuf
   992 | D:5      | Reached skill level 1 in Fighting
  1040 | D:7      | Noticed a water moccasin
  1042 | D:7      | Killed a water moccasin
  1043 | D:7      | Reached skill level 7 in Air Magic
  1043 | D:7      | Reached XP level 8. HP: 59/59 MP: 9/18
  1047 | D:7      | Learned a level 3 spell: Vampiric Draining
  1063 | D:7      | Reached skill level 1 in Necromancy
  1070 | D:7      | Found Guelyaz's Weapon Emporium.
  1170 | D:6      | Found a blossoming altar of Fedhas.
  1171 | D:6      | Found a stormy altar of Qazlal.
  1171 | D:6      | Found a glowing golden altar of the Shining One.
  1172 | D:6      | Found a hazy altar of Hepliaklqana.
  1173 | D:6      | Found an iron altar of Okawaru.
  1363 | D:7      | Reached skill level 1 in Evocations
  1408 | D:7      | Learned a level 3 spell: Stone Arrow
  1414 | D:7      | Reached skill level 1 in Earth Magic
  1492 | D:7      | Slain by an orc warrior

Illustrated notes

Levels and vault maps discovered:
D:1:      matt_arrival_diagonals, layout_basic,
          dreamdust_ecumenical_altar_angels_and_demons
D:2:      layout_loops_ring, minmay_misc_feat_roman, uniq_sigmund
D:3:      layout_rooms, uniq_grinder
D:4:      layout_basic, minmay_temple_entry_statues_fountains
D:5:      layout_basic, hellmonk_ghost_happy_afterlife,
          hangedman_decor_slide_cut, uniq_crazy_yiuf_cottage, uniq_ijyb
D:6:      layout_rooms, minitemple
D:7:      layout_rooms, serial_shops, nicolae_square_shop, nicolae_square_shop,
          nicolae_take_the_stairs, kennysheep_windowed_goal, uniq_maggie
Temple:   minmay_temple_bridge_d

Skill      XL: |  1  2  3  4  5  6  7  8 |
---------------+-------------------------+-----
Air Magic      | 4 6 7 |  7.2
Spellcasting   | 3 4 5 6 |  6.3
Conjurations   | 2 3 |  3.4
Fighting       | 1 |  1.0
Dodging        | 3 |  3.0
Necromancy     | 3 |  3.0
Evocations     | 1 |  1.8
Earth Magic    | 1 |  1.8
Stealth        | |  1.4

Action                   |  1- 3 |  4- 6 |  7- 9 || total
-------------------------+-------+-------+-------++-------
Melee: Unarmed           |     1 |       |       ||     1
       Quarterstaff      |       |       |     7 ||     7
       Battleaxe         |       |       |     4 ||     4
 Cast: Shock             |    32 |    13 |     5 ||    50
       Static Discharge  |    10 |    12 |     8 ||    30
       Airstrike         |       |     5 |    20 ||    25
  Use: Scroll            |       |     4 |       ||     4
       Potion            |       |     1 |     1 ||     2
Armor: Robe              |     5 |       |     1 ||     6
Dodge: Dodged            |     7 |     8 |     5 ||    20
